 Dungeon Crawl Stone Soup version 0.31-a0-995-g04711c9635 (webtiles) character file.

Game seed: 9133429962852149525

19 Azuregosa the Sneak (level 2, 0/21 HPs)
             Began as an Octopode Delver on Nov 6, 2023.
             Slain by an iguana (8 damage)
             ... on level 4 of the Dungeon.
             The game lasted 00:02:31 (394 turns).

Azuregosa the Sneak (Octopode Delver)                Turns: 394, Time: 00:02:32

Health: 0/21       AC:  1    Str: 11    XL:     2   Next: 75%
Magic:  2/2        EV: 13    Int: 12    God:
Gold:   14         SH:  0    Dex: 13    Spells: 1/1 levels left

rFire   + . .        g - +0 whip (flame)
rCold   . . .        (no shield)
rNeg    . . .        (helmet restricted)
rPois   .            (no amulet)
rElec   .            i - ring of protection from fire
rCorr   .            (no ring)
SInv    .            (no ring)
Will    .....        (no ring)
Stlth   +++++        (no ring)
HPRegen 0.23/turn    (no ring)
MPRegen 0.08/turn    (no ring)
                     (no ring)

%: no passive effects
@: no status effects
A: almost no armour, amphibious, 8 rings, camouflage 1, gelatinous body 1,
(nimble swimmer 1), tentacles
a: no special abilities


You were on level 4 of the Dungeon.
You visited 2 branches of the dungeon, and saw 3 of its levels.

You collected 14 gold pieces.

Inventory:

Hand Weapons
 a - a +0 mace
 g - a +0 whip of flaming (weapon)
 h - a +1 long sword of freezing
Jewellery
 i - a ring of protection from fire (left tentacle)
Wands
 f - a wand of digging (3)
Scrolls
 b - a scroll of fog
 c - a scroll of teleportation {unknown}
 j - a scroll of revelation
Potions
 d - a potion of curing {unknown}
 e - a potion of haste


   Skills:
 - Level 3.0 Fighting
 - Level 2.0 Maces & Flails
 - Level 2.0 Dodging
 + Level 7.6 Stealth


You had one spell level left.
You didn't know any spells.
Your spell library was empty.

Dungeon Overview and Level Annotations

Branches:
Dungeon (5/15)             Temple (1/1) D:5

Altars:
Ashenzari
Gozag
Hepliaklqana
Kikubaaqudgha
Makhleb
Nemelex Xobeh
Okawaru
Qazlal
Ru
Uskayaw
Yredelemnul
The Shining One

Shops:
D:4 ?


Innate Abilities, Weirdness & Mutations

You cannot wear most types of armour.
You are amphibious.
You can wear up to eight rings at the same time.
Your skin changes colour to match your surroundings (Stealth+).
Your rubbery body absorbs attacks. (AC +1, EV +1)
((You are camouflaged when in or above water. (Stealth+)))
You have tentacles for arms and can constrict up to eight enemies at once.


Message History

You completely miss the goblin.
The goblin is moderately wounded.
You constrict the goblin. The goblin misses you.
You hit the goblin. You burn the goblin.
You kill the goblin!
Things that are here:
a +0 club; a goblin corpse You now have 14 gold pieces (gained 4).
A scorpion comes into view.
There is an escape hatch in the ceiling here.
Found a stone staircase leading up.
There is a stone staircase leading up here.
A ball python comes into view.
The ball python moves out of view.
You hit the ball python. You burn the ball python.
You kill the ball python!
An iguana comes into view.
The helpless iguana fails to defend itself.
You hit the iguana but do no damage. You grab the iguana.
You squeeze the iguana, but do no damage.
You constrict the iguana, but do no damage.
The iguana bites you!
You hit the iguana but do no damage.
You constrict the iguana, but do no damage.
The iguana closely misses you.
You hit the iguana but do no damage.
You squeeze the iguana, but do no damage.
You constrict the iguana, but do no damage.
The iguana bites you.
You hit the iguana but do no damage.
You constrict the iguana, but do no damage.
The iguana hisses menacingly.
The iguana bites you.
You hit the iguana but do no damage. You constrict the iguana.
The iguana closely misses you.
You completely miss the iguana.
The iguana is lightly wounded.
You constrict the iguana, but do no damage.
The iguana bites you!
You die...

## .. ##
####################.#
................@l...#
#####..###############
.......# #####.## #
#.# #.# #.# #.# ..#


You could see an iguana.

Vanquished Creatures
  An adder (D:4)
  3 endoplasms (D:4)
  A goblin (D:4)
  2 hobgoblins (D:4)
  A quokka (D:5)
  A ball python (D:4)
9 creatures vanquished.

Notes
Turn   | Place    | Note
-------+----------+-------------------------------------------
     0 | D:5      | Azuregosa the Octopode Delver began the quest for the Orb.
     0 | D:5      | Reached XP level 1. HP: 16/16 MP: 1/1
    20 | D:5      | Found a staircase to the Ecumenical Temple.
    43 | Temple   | Entered the Ecumenical Temple
    67 | D:5      | Noticed a gnoll bouda
    81 | D:5      | Noticed an ogre
    81 | D:5      | Noticed a gnoll bouda
    81 | D:5      | Noticed a scorpion
    85 | D:5      | Noticed a scorpion
   100 | D:5      | Noticed an ice beast
   109 | D:4      | Found an opulent altar of Gozag.
   140 | D:4      | Found Gonich's Magic Scroll Shop.
   148 | D:4      | Reached skill level 7 in Stealth
   148 | D:4      | Reached XP level 2. HP: 20/21 MP: 2/2
   267 | D:4      | Noticed a scorpion
   394 | D:4      | Slain by an iguana

Illustrated notes

Levels and vault maps discovered:
D:4:      layout_loops_ring, grunt_gozag_statues, zin_angel, vehumet_statue,
          serial_shops, nicolae_take_the_stairs
D:5:      layout_basic, mainiacjoe_overflow_24_doors, temple_doors_e,
          serial_shops, nicolae_shop_hallway_plus, hangedman_decor_push,
          minmay_manual_moon, uniq_edmund
Temple:   bh_familiar_temple

Skill      XL: |  1 |
---------------+----+-----
Stealth        | 7 |  7.6
Fighting       | |  3.0
Maces & Flails | |  2.0
Dodging        | |  2.0

Action                     || total
---------------------------++-------
  Melee: Mace              ||     4
         Constrict         ||     3
         Whip              ||    15
         Tentacles         ||     4
    Use: Scroll            ||     2
   Stab: Sleeping          ||     6
 Armour: Skin              ||     7
  Dodge: Dodged            ||     7

Table legend: (Time is in decaauts)
 A = Elapsed time spent in this place.
 B = Non-inter-level travel time spent in this place.
 C = Inter-level travel time spent in this place.
 D = Time resting spent in this place.
 E = Time spent auto-exploring this place.
 F = Levels seen in this place.
 G = Mean time per level.
                   A        B        C        D        E       F      G
               +--------+--------+--------+--------+--------+-----+--------+
         Total |    394 |    394 |      0 |     13 |    168 |   3 |  131.3 |
       Dungeon |    392 |    392 |      0 |     13 |    168 |   2 |  196.0 |
        Temple |      1 |      1 |      0 |      0 |      0 |   1 |    1.0 |
               +--------+--------+--------+--------+--------+-----+--------+

Top non-repeatable levels by time:
     D:4: 284 daAuts
     D:5: 107 daAuts
  Temple: 1 daAuts
